[Event "Titled Tuesday Blitz May 16 Late 2023"]
[White "dorpato"]
[Black "Estrada Nieto, Julian"]
[BlackFideId "5101018"]
[WhiteElo "2010"]
[BlackElo "2161"]
[Result "1-0"]
[Round "04"]
[TimeControl "180+2"]
[Date "2023.05.16"]
[WhiteClock "0:01:31"]
[BlackClock "0:00:48"]

1. e4 e5 2. d4 exd4 3. Nf3 Nc6 4. c3 d5 5. exd5 Qxd5 6. cxd4 Bb4+ 7. Nc3 Bg4 8. Be2 Bxf3 9. Bxf3 Qc4 10. Qb3 Qxb3 11. axb3 Nxd4 12. Bxb7 Nc2+ 13. Kd1 Nxa1 14. Bxa8 Nxb3 15. Bf4 Bxc3 16. Bc6+ Kd8 17. bxc3 Ne7 18. Bf3 Kc8 19. Kc2 Nc5 20. Ra1 Kb8 21. Be3 Nd7 22. Rxa7 c6 23. Rxd7 Re8 24. Bc5 Nd5 25. Bxd5 cxd5 26. Rxf7 g5 27. Rxh7 Re1 28. Rd7 Kc8 29. Rxd5 Kc7 30. Rxg5 Kc6 31. Be3 Ra1 32. h4 Kd6 33. h5 Ke6 34. h6 Kf6 35. h7 Rh1 36. h8=Q+ Rxh8 37. Bd4+ Kxg5 38. Bxh8 1-0


[Site "https://www.chess.com"]

[Event "Titled Tuesday Blitz May 16 Late 2023"]
[White "Stork, Oliver"]
[Black "Onslow, Alfie"]
[WhiteFideId "12955728"]
[BlackFideId "436976"]
[WhiteElo "2239"]
[BlackElo "2114"]
[Result "0-1"]
[Round "04"]
[TimeControl "180+2"]
[Date "2023.05.16"]
[WhiteClock "0:00:32"]
[BlackClock "0:00:41"]

1. e4 c5 2. Nc3 Nc6 3. g3 g6 4. Bg2 Bg7 5. d3 d6 6. Be3 e5 7. Qd2 Be6 8. f4 Nge7 9. Nge2 O-O 10. O-O Nd4 11. Nd1 Bg4 12. Nc1 b5 13. c3 Ndc6 14. h3 Be6 15. Nf2 d5 16. Bxc5 d4 17. Ne2 Rc8 18. Bxe7 Qxe7 19. fxe5 Bxe5 20. Rac1 Bxa2 21. Ng4 Bg7 22. Nf4 Be6 23. Nh2 Rfd8 24. Nf3 dxc3 25. bxc3 Ne5 26. Nxe5 Bxe5 27. d4 Bc4 28. Rfe1 Bg7 29. Qb2 a5 30. Ra1 a4 31. Nd5 Bxd5 32. exd5 Qc7 33. Qxb5 Qxg3 34. Qxa4 Rxc3 35. Rf1 Rd3 36. Rad1 Bxd4+ 37. Kh1 Be5 38. Kg1 Qh2+ 39. Kf2 Bg3+ 40. Ke2 Rxd1 0-1


[Site "https://www.chess.com"]

[Event "Titled Tuesday Blitz May 16 Late 2023"]
[White "Rose, Felix"]
[Black "Tomaszewski, Kacper"]
[WhiteFideId "5105722"]
[BlackFideId "1127373"]
[WhiteElo "2039"]
[BlackElo "2211"]
[Result "1/2-1/2"]
[Round "04"]
[TimeControl "180+2"]
[Date "2023.05.16"]
[WhiteClock "0:00:29"]
[BlackClock "0:00:06"]

1. e4 c5 2. Nf3 Nc6 3. d4 cxd4 4. Nxd4 Nf6 5. Nc3 d6 6. Bg5 g6 7. Bxf6 exf6 8. Bb5 Bd7 9. O-O Bg7 10. Nde2 O-O 11. Qxd6 f5 12. Rad1 Be6 13. Bxc6 Qxd6 14. Rxd6 bxc6 15. Rxc6 fxe4 16. Nf4 Bf5 17. Re1 Rfc8 18. Rxc8+ Rxc8 19. Nfd5 Kf8 20. h3 Rc4 21. g4 Be6 22. Nf4 Bxc3 23. Nxe6+ fxe6 24. bxc3 Rxc3 25. Rxe4 Rxc2 26. Rxe6 Rxa2 27. Rc6 Kg7 28. g5 a5 29. Rc7+ Kg8 30. Ra7 a4 31. Kg2 a3 32. Kg3 Ra1 33. f3 a2 34. Kf4 Kf8 35. h4 Ke8 36. Ra6 Ke7 37. Ra5 Ke6 38. Ra8 Kd5 39. Ra7 Kc4 40. Ra8 Kd3 41. Ra7 Ke2 42. Ra8 Kf2 43. Ra7 Kg2 44. Ra8 Kh3 45. Ra7 Kg2 46. Ra6 Kh2 47. Ra5 Kh1 48. Ra6 Kg2 49. Ra5 Kf2 50. Ra7 Ke2 51. Ra6 Kd3 52. Ra7 Kc4 53. Ra8 Kb3 54. Rb8+ Kc3 55. Rc8+ Kb4 56. Ra8 Kc5 57. Ra7 Kd5 58. Ra8 Kc6 59. Ra7 Kb6 60. Ra8 Kc5 61. Ra7 Kd5 62. Ra8 Rh1 63. Rxa2 Rxh4+ 64. Kg3 Rh1 65. Kg2 Rh5 66. f4 Ke4 67. Kg3 Rh1 68. Re2+ Kd5 69. Re7 Rg1+ 70. Kf2 Rh1 71. Kg3 Rg1+ 72. Kh2 Rg4 73. Rxh7 Rxf4 74. Kg3 Ra4 75. Rf7 Ke6 76. Rf6+ Ke7 77. Rxg6 Kf7 78. Rf6+ Kg7 79. Rf4 Rxf4 80. Kxf4 Kg6 81. Kg4 Kg7 82. Kf5 Kf7 83. Kg4 Kg7 84. Kh5 Kh7 85. Kh4 Kg6 86. Kg4 Kg7 1/2-1/2


[Site "https://www.chess.com"]

[Event "Titled Tuesday Blitz May 16 Late 2023"]
[White "KorolDimitriy75"]
[Black "Ward, Ieuan C"]
[BlackFideId "406627"]
[WhiteElo "2457"]
[BlackElo "2296"]
[Result "1-0"]
[Round "04"]
[TimeControl "180+2"]
[Date "2023.05.16"]
[WhiteClock "0:00:12"]
[BlackClock "0:00:00"]

1. d4 Nf6 2. c4 e6 3. Nc3 d5 4. Bg5 Be7 5. cxd5 exd5 6. e3 O-O 7. Bd3 c6 8. Qc2 Nbd7 9. Nge2 Re8 10. f3 Nf8 11. O-O Ne6 12. Bh4 g6 13. Rad1 Ng7 14. h3 Nf5 15. Bf2 c5 16. Bb5 Bd7 17. Bxd7 Qxd7 18. dxc5 Qc6 19. b4 a5 20. a3 axb4 21. axb4 b6 22. Nd4 Qc8 23. Nxf5 Qxf5 24. Qxf5 gxf5 25. Nxd5 bxc5 26. Nxe7+ Rxe7 27. bxc5 Rc8 28. Rd6 Ne8 29. Rd5 Ng7 30. Rc1 Rec7 31. Bg3 Rc6 32. Bd6 Ne8 33. Rcd1 Nxd6 34. cxd6 Rd8 35. Rxf5 Rcxd6 36. Rxd6 Rxd6 37. e4 f6 38. h4 Kg7 39. Kh2 Rd2 40. Kh3 Rd3 41. Rd5 Rc3 42. Kg3 Rb3 43. Kf4 Rb2 44. g3 Rb3 45. Rd7+ Kg6 46. Rd6 Kg7 47. Kg4 Rc3 48. h5 Rb3 49. f4 Rb4 50. Kf5 Rb3 51. Rxf6 Rxg3 52. h6+ Kg8 53. e5 Rh3 54. Ke6 Ra3 55. Kf5 Ra6 56. Rxa6 1-0


[Site "https://www.chess.com"]

[Event "Titled Tuesday Blitz May 16 Late 2023"]
[White "Georg, Heinz"]
[Black "Senft, Sean"]
[WhiteFideId "4607295"]
[BlackFideId "2044960"]
[WhiteElo "2293"]
[BlackElo "1989"]
[Result "1-0"]
[Round "04"]
[TimeControl "180+2"]
[Date "2023.05.16"]
[WhiteClock "0:01:00"]
[BlackClock "0:00:40"]

1. c4 c5 2. Nc3 Nc6 3. g3 g6 4. Bg2 e5 5. a3 Bg7 6. Rb1 d6 7. b4 Nge7 8. e3 O-O 9. Nge2 Be6 10. Nd5 f5 11. Nec3 e4 12. O-O Ne5 13. Qe2 Bxd5 14. Nxd5 Nxd5 15. cxd5 Nd3 16. f3 Qe7 17. fxe4 fxe4 18. Rxf8+ Rxf8 19. bxc5 dxc5 20. Qg4 Qf7 21. Qe6 Re8 22. Qxf7+ Kxf7 23. Rxb7+ Re7 24. Rb1 c4 25. a4 c3 26. dxc3 Bxc3 27. Ba3 Re5 28. Rb7+ Kf6 29. d6 Rd5 30. Bxe4 1-0


[Site "https://www.chess.com"]

[Event "Titled Tuesday Blitz May 16 Late 2023"]
[White "lluiss"]
[Black "Arnold, Ken"]
[BlackFideId "2056836"]
[WhiteElo "2275"]
[BlackElo "2391"]
[Result "1/2-1/2"]
[Round "04"]
[TimeControl "180+2"]
[Date "2023.05.16"]
[WhiteClock "0:00:15"]
[BlackClock "0:00:20"]

1. Nf3 d5 2. d4 Nf6 3. c4 e6 4. cxd5 exd5 5. Nc3 c6 6. Qc2 Bd6 7. Bg5 h6 8. Bh4 O-O 9. e3 Bg4 10. Ne5 g5 11. Nxg4 Nxg4 12. Bg3 Re8 13. O-O-O Qf6 14. Bxd6 Qxd6 15. h3 Nf6 16. Bd3 Nbd7 17. g4 Kg7 18. h4 Rh8 19. Bf5 b5 20. Kb1 Nb6 21. b3 a5 22. hxg5 hxg5 23. e4 Rxh1 24. Rxh1 dxe4 25. Nxe4 Qxd4 26. Nxg5 a4 27. Rd1 Qb4 28. Qd2 Qxd2 29. Rxd2 axb3 30. axb3 Nbd5 31. Ne4 b4 32. Nxf6 Kxf6 33. Rd4 Ke5 34. Re4+ Kd6 35. Rd4 Ke5 36. Re4+ Kd6 37. Rd4 Kc5 38. Rc4+ Kb6 39. Be4 Nc3+ 40. Kc2 Ra2+ 41. Kd3 c5 42. f3 Rb2 43. Rxc3 bxc3 44. Kxc3 Rf2 45. Bd5 f6 46. Kd3 Kc7 47. Ke3 Rb2 48. Kf4 Kd6 49. Bc4 Rd2 50. Kf5 Ke7 51. f4 Rf2 52. Bd5 Rf1 53. Bc4 Rf2 54. Bd5 Kd6 55. Bc4 Ke7 1/2-1/2


[Site "https://www.chess.com"]

[Event "Titled Tuesday Blitz May 16 Late 2023"]
[White "Avalos Parra, Joao"]
[Black "Magallanes, Rey Jomar"]
[WhiteFideId "3402541"]
[BlackFideId "5205948"]
[WhiteElo "2173"]
[BlackElo "2237"]
[Result "0-1"]
[Round "04"]
[TimeControl "180+2"]
[Date "2023.05.16"]
[WhiteClock "0:00:16"]
[BlackClock "0:01:54"]

1. d4 d5 2. c4 e6 3. Nf3 Nf6 4. Nc3 Nbd7 5. Bf4 dxc4 6. e3 Nb6 7. Be2 c6 8. a4 a5 9. O-O Be7 10. h3 Nfd5 11. Bh2 O-O 12. Rc1 Nxc3 13. bxc3 Bd7 14. Ne5 Be8 15. Nxc4 Nd5 16. e4 Nf6 17. Bd3 c5 18. Bc2 b5 19. Ne5 b4 20. cxb4 axb4 21. dxc5 Bxc5 22. Qxd8 Rxd8 23. Bb3 Bd4 24. Rfe1 Bc3 25. Re2 Ra8 26. Nd3 Bxa4 27. Bxa4 Rxa4 28. Nc5 Ra5 29. Nb7 Rb5 30. Nd6 Rc5 31. f3 Bd4+ 32. Kf1 Rxc1+ 33. Re1 Rxe1+ 34. Kxe1 b3 0-1


[Site "https://www.chess.com"]

[Event "Titled Tuesday Blitz May 16 Late 2023"]
[White "Araujo, Everson De Moura"]
[Black "Szyszylo, Rafal"]
[WhiteFideId "22737197"]
[BlackFideId "1109626"]
[WhiteElo "2035"]
[BlackElo "1951"]
[Result "1/2-1/2"]
[Round "04"]
[TimeControl "180+2"]
[Date "2023.05.16"]
[WhiteClock "0:00:04"]
[BlackClock "0:00:13"]

1. c4 d6 2. Nc3 Nf6 3. g3 g6 4. Bg2 Bg7 5. e4 O-O 6. Nge2 e5 7. O-O Be6 8. d3 Ne8 9. f4 Nc6 10. f5 Bd7 11. g4 Bf6 12. Nd5 Bg5 13. f6 Bxc1 14. Rxc1 Bxg4 15. h3 Bxe2 16. Qxe2 Nd4 17. Qe3 c6 18. Nc3 Nxf6 19. Rf2 Nh5 20. Rcf1 Nf4 21. Rxf4 Qg5 22. h4 exf4 23. Qxd4 Qxh4 24. e5 dxe5 25. Qxe5 Rfe8 26. Qc7 Re7 27. Qd6 Rae8 28. Ne4 Re6 29. Qc7 R8e7 30. Qd8+ Kg7 31. Qd4+ f6 32. Nc5 Re1 33. Ne4 Rxf1+ 34. Kxf1 g5 35. Qxf6+ Kg8 36. Qxe7 Qh6 37. Nf6+ Kh8 38. Be4 g4 39. Qxh7+ Qxh7 40. Nxh7 Kg7 41. Ng5 Kf6 42. Nh7+ Kg7 43. Ng5 Kf6 44. Nh7+ Kg7 1/2-1/2


[Site "https://www.chess.com"]

[Event "Titled Tuesday Blitz May 16 Late 2023"]
[White "Chemin, Justo Reinaldo"]
[Black "K2JW"]
[WhiteFideId "2101580"]
[WhiteElo "1940"]
[BlackElo "2380"]
[Result "0-1"]
[Round "04"]
[TimeControl "180+2"]
[Date "2023.05.16"]
[WhiteClock "0:00:33"]
[BlackClock "0:00:20"]

1. e4 c5 2. Nf3 Nc6 3. d3 d5 4. exd5 Qxd5 5. Nc3 Qd8 6. Be3 e6 7. g3 Nf6 8. Bg2 Be7 9. O-O Nd5 10. Bd2 O-O 11. Re1 Bf6 12. Ne4 Bxb2 13. Rb1 Bd4 14. c3 Bf6 15. Nxc5 Nxc3 16. Bxc3 Bxc3 17. Re2 Qe7 18. Ne4 Bf6 19. Qa4 Rd8 20. Rd2 Rb8 21. Nxf6+ Qxf6 22. Ne1 Bd7 23. Bxc6 Bxc6 24. Qxa7 Qe5 25. Qe3 Qd5 26. f3 Ra8 27. Kf2 Rxa2 28. Rxa2 Qxa2+ 29. Kf1 Qxb1 0-1


[Site "https://www.chess.com"]

[Event "Titled Tuesday Blitz May 16 Late 2023"]
[White "Andreassen, Lars"]
[Black "Shapiro, Daniel"]
[WhiteFideId "1504878"]
[BlackFideId "2001780"]
[WhiteElo "2119"]
[BlackElo "2366"]
[Result "0-1"]
[Round "04"]
[TimeControl "180+2"]
[Date "2023.05.16"]
[WhiteClock "0:00:10"]
[BlackClock "0:00:18"]

1. d4 Nf6 2. Nf3 b6 3. Bg5 e6 4. e4 h6 5. Bxf6 Qxf6 6. Nc3 d6 7. Bd3 Qe7 8. O-O Nd7 9. Re1 g6 10. Qd2 Bg7 11. Rad1 O-O 12. Nb5 Qd8 13. c4 Bb7 14. Nc3 a6 15. a4 Qe7 16. b4 Rac8 17. h3 f5 18. Re2 Qf7 19. Bc2 Nf6 20. e5 Nh5 21. Re3 Nf4 22. Ne2 g5 23. Nxf4 gxf4 24. Ra3 Bxf3 25. Rxf3 dxe5 26. dxe5 Bxe5 27. Re1 Qf6 28. Qe2 Bc3 29. Qxe6+ Qxe6 30. Rxe6 Bxb4 31. Rxf4 Rce8 32. Rxe8 Rxe8 33. Rxf5 Re1+ 34. Kh2 Bc5 35. Kg3 Rc1 36. Bd3 Rc3 37. Rf3 Ra3 38. Bc2 Ra2 39. Be4 Rxa4 40. Bd5+ Kg7 41. Rf7+ Kg6 42. Rxc7 Bd6+ 0-1


[Site "https://www.chess.com"]

[Event "Titled Tuesday Blitz May 16 Late 2023"]
[White "Pavlidou, Ekaterini"]
[Black "Horokoskii"]
[WhiteFideId "4213262"]
[WhiteElo "2126"]
[BlackElo "2149"]
[Result "0-1"]
[Round "04"]
[TimeControl "180+2"]
[Date "2023.05.16"]
[WhiteClock "0:00:39"]
[BlackClock "0:00:09"]

1. d4 Nf6 2. c4 c5 3. d5 e6 4. Nc3 exd5 5. cxd5 d6 6. e4 g6 7. h3 Bg7 8. Nf3 O-O 9. Bd3 a6 10. a4 b6 11. O-O Nbd7 12. Bf4 Qe7 13. Nd2 Re8 14. Bh2 Rb8 15. Nc4 Ne5 16. Be2 Nxc4 17. Bxc4 Nxe4 18. Nxe4 Qxe4 19. Bxd6 Qxc4 20. Bxb8 Bxh3 21. gxh3 Rxb8 22. Ra3 Bxb2 23. Rd3 Bd4 24. d6 Qd5 25. Qf3 Qxd6 26. Re1 Rd8 27. Rb3 h5 28. Re4 Qc7 29. Rb1 Rd6 30. Rbe1 Qc6 31. Re8+ Kg7 32. Qf4 Rf6 33. Qb8 Bxf2+ 34. Kh2 Bxe1 35. Rg8+ Kh6 36. Rh8+ Kg5 37. Qe5+ Rf5 38. Qe3+ Kf6 39. Qxe1 Qd6+ 40. Kh1 Qd5+ 41. Kh2 Qe5+ 42. Qxe5+ Rxe5 43. Rb8 Re6 44. Ra8 Ke5 45. Rxa6 Kd4 46. Kg3 Kd3 47. Kf4 c4 48. a5 bxa5 49. Rxa5 c3 50. Rd5+ Kc2 51. h4 Kb1 52. Rb5+ Kc1 53. Rc5 c2 54. Rd5 Rb6 55. Ke3 Kb2 0-1


[Site "https://www.chess.com"]

[Event "Titled Tuesday Blitz May 16 Late 2023"]
[White "Manu_ChessExcelsior"]
[Black "Gerbelli Neto, Eduardo"]
[BlackFideId "2103281"]
[WhiteElo "2063"]
[BlackElo "2178"]
[Result "0-1"]
[Round "04"]
[TimeControl "180+2"]
[Date "2023.05.16"]
[WhiteClock "0:00:00"]
[BlackClock "0:00:14"]

1. d4 d5 2. c4 c6 3. Nc3 Nf6 4. e3 e6 5. Nf3 Nbd7 6. Bd3 dxc4 7. Bxc4 b5 8. Bd3 a6 9. O-O c5 10. Bd2 Bb7 11. Rc1 Qb6 12. Ne2 c4 13. Bb1 Ne4 14. Be1 Be7 15. Nc3 Ndf6 16. Nxe4 Nxe4 17. Nd2 Nf6 18. f3 O-O 19. Bf2 Nd5 20. Re1 Rad8 21. Ne4 f5 22. Nc3 Nf6 23. Qc2 Qc6 24. Rcd1 Bb4 25. a3 Ba5 26. Re2 Bc7 27. Bg3 Bb6 28. Bf2 Nd5 29. Nxd5 Qxd5 30. e4 Qc6 31. exf5 exf5 32. d5 Bxf2+ 33. Rxf2 Rxd5 34. Rxd5 Qxd5 35. h4 g6 36. h5 Rd8 37. Kh2 Qd1 38. Qe2 Qxe2 39. Rxe2 Kf7 40. hxg6+ hxg6 41. Kg3 Rd1 42. Bc2 Rg1 43. Kf2 Rc1 44. Rd2 Ke6 45. g4 fxg4 46. fxg4 g5 47. Bf5+ Kf6 48. Ke3 Re1+ 49. Kd4 Bf3 50. Kc5 Re5+ 51. Kb6 Re2 52. Rd6+ Ke5 0-1


[Site "https://www.chess.com"]

[Event "Titled Tuesday Blitz May 16 Late 2023"]
[White "Prieto Aranguren, Alain"]
[Black "Milovic, Aleksandra"]
[WhiteFideId "2268906"]
[BlackFideId "933988"]
[WhiteElo "2209"]
[BlackElo "2000"]
[Result "1-0"]
[Round "04"]
[TimeControl "180+2"]
[Date "2023.05.16"]
[WhiteClock "0:01:46"]
[BlackClock "0:01:17"]

1. e4 e6 2. d4 d5 3. exd5 exd5 4. Bd3 Bd6 5. Nf3 Nf6 6. O-O O-O 7. Bg5 Bg4 8. c3 c6 9. Nbd2 Nbd7 10. Qc2 Qc7 11. Bh4 Bh5 12. Bg3 Bg6 13. Rfe1 Rfe8 14. Kf1 Kf8 15. Rxe8+ Rxe8 16. Re1 Rxe1+ 17. Kxe1 Bxd3 18. Qxd3 Bxg3 19. hxg3 Qd8 20. Kf1 Qe7 21. Qe2 Qxe2+ 22. Kxe2 Ke7 23. Nf1 h6 24. Ne3 g6 25. Nd2 Ne4 26. Nxe4 dxe4 27. g4 Ke6 28. c4 f5 29. gxf5+ gxf5 30. g3 b5 31. b3 b4 32. Ng2 c5 33. d5+ Ke5 34. Ke3 Nf6 35. Nf4 Ng4+ 36. Ke2 Kd4 37. Ne6+ Kc3 38. Nxc5 Kb2 39. d6 Nf6 40. d7 Nxd7 41. Nxd7 Kxa2 42. c5 Kxb3 43. c6 a5 44. c7 a4 45. c8=Q a3 46. Nc5+ Kb2 47. Qb8 a2 48. Qxb4+ Ka1 49. Nb3+ Kb1 50. Nd2+ Ka1 51. Nc4 e3 52. Qb2# 1-0


[Site "https://www.chess.com"]

[Event "Titled Tuesday Blitz May 16 Late 2023"]
[White "Levar, Nenad"]
[Black "Figorito, Nick"]
[WhiteFideId "14504430"]
[BlackFideId "30923689"]
[WhiteElo "2095"]
[BlackElo "2322"]
[Result "1/2-1/2"]
[Round "04"]
[TimeControl "180+2"]
[Date "2023.05.16"]
[WhiteClock "0:01:19"]
[BlackClock "0:00:24"]

1. d4 Nf6 2. c3 g6 3. Nf3 Bg7 4. Bf4 O-O 5. h3 d5 6. e3 c5 7. Nbd2 b6 8. Bd3 Ba6 9. Qe2 Bxd3 10. Qxd3 Nc6 11. O-O Rc8 12. Rfe1 Re8 13. Ne5 Nxe5 14. Bxe5 Qd7 15. f4 e6 16. a4 c4 17. Qe2 a6 18. e4 Nxe4 19. Nxe4 dxe4 20. Bxg7 Kxg7 21. Qxe4 Qd5 22. Qe5+ Qxe5 23. Rxe5 Red8 24. Rae1 h5 25. g4 hxg4 26. hxg4 Rh8 27. Kg2 Rh4 28. Kg3 Rch8 29. f5 exf5 30. gxf5 Rh3+ 31. Kf2 Rh2+ 32. Kf3 Rxb2 33. fxg6 Rh3+ 34. Ke4 fxg6 35. Kd5 Rxc3 36. Re7+ Kf6 37. R7e6+ Kf5 38. Rf1+ Kg5 39. Rg1+ Kf4 40. Rgxg6 Rb4 41. Rgf6+ Kg5 42. Rg6+ Kh5 43. Rh6+ Kg5 44. Rhg6+ Kh5 45. Rh6+ Kg5 46. Rhg6+ 1/2-1/2


[Site "https://www.chess.com"]

[Event "Titled Tuesday Blitz May 16 Late 2023"]
[White "Ismayilova, Khanim"]
[Black "ProphetReborn"]
[WhiteFideId "13429019"]
[WhiteElo "1633"]
[BlackElo "2850"]
[Result "0-1"]
[Round "04"]
[TimeControl "180+2"]
[Date "2023.05.16"]
[WhiteClock "0:00:00"]
[BlackClock "0:02:12"]

1. c4 Nf6 2. Nc3 e5 3. Nf3 Nc6 4. e3 Bb4 5. Qc2 O-O 6. d4 exd4 7. exd4 d5 8. Be3 Re8 9. Be2 dxc4 10. O-O Ng4 11. Bg5 Nxd4 12. Nxd4 Qxg5 13. Bxc4 Ne5 14. f4 Qd8 15. Rad1 Nxc4 16. Nc6 Bc5+ 17. Kh1 Qf6 18. Ne5 Nxe5 19. fxe5 Qxe5 20. Qd2 Be6 21. Rde1 Qh5 22. Ne4 Bd6 23. Nxd6 cxd6 24. Qxd6 Rad8 25. Qf4 h6 26. Re5 Qg6 27. Re3 Bd5 28. Rg3 Qh7 29. Qh4 Bc6 30. Qh5 g6 31. Qh4 Rd2 32. Qf4 Ree2 0-1


[Site "https://www.chess.com"]

[Event "Titled Tuesday Blitz May 16 Late 2023"]
[White "Tristan, Leonardo"]
[Black "StarkyNZ"]
[WhiteFideId "113816"]
[WhiteElo "2461"]
[BlackElo "2276"]
[Result "1-0"]
[Round "04"]
[TimeControl "180+2"]
[Date "2023.05.16"]
[WhiteClock "0:00:04"]
[BlackClock "0:00:00"]

1. d4 Nf6 2. Nf3 e6 3. Bf4 b6 4. e3 Bb7 5. Nbd2 d6 6. Bd3 Nbd7 7. O-O c5 8. c3 Nd5 9. Bg3 Be7 10. e4 N5f6 11. Re1 cxd4 12. cxd4 O-O 13. Qe2 Rc8 14. Rad1 Re8 15. e5 dxe5 16. dxe5 Nd5 17. Ne4 Nc5 18. Bb1 Ba6 19. Qd2 Nxe4 20. Rxe4 Bb4 21. Qg5 Be7 22. Qh5 g6 23. Qh6 Bf8 24. Qh4 Qxh4 25. Bxh4 Be7 26. Bxe7 Rxe7 27. Rde1 Rec7 28. h4 h5 29. Kh2 Rc1 30. Ng5 Rxe1 31. Rxe1 Rc4 32. Ne4 Rb4 33. b3 Rd4 34. g3 Kg7 35. f3 Nb4 36. g4 Bd3 37. Nf6 Bxb1 38. Rxb1 Rd2+ 39. Kg3 Re2 40. gxh5 Rxe5 41. Ne8+ Kh6 42. hxg6 Kxg6 43. Nd6 Nxa2 44. Ra1 Re2 45. Ne4 a5 46. Rh1 Rb2 47. h5+ Kh6 48. Nf6 Rxb3 49. Ng4+ Kh7 50. h6 Nc3 51. Nf6+ Kh8 52. Rh4 Ne2+ 53. Kf2 Nc1 54. Rg4 Nd3+ 55. Kg3 1-0


[Site "https://www.chess.com"]

[Event "Titled Tuesday Blitz May 16 Late 2023"]
[White "mjelcic"]
[Black "Bjelobrk, Igor"]
[BlackFideId "4300726"]
[WhiteElo "2246"]
[BlackElo "2319"]
[Result "1-0"]
[Round "04"]
[TimeControl "180+2"]
[Date "2023.05.16"]
[WhiteClock "0:01:04"]
[BlackClock "0:00:00"]

1. c4 c6 2. e4 d5 3. exd5 cxd5 4. d4 Nf6 5. Nc3 Nc6 6. Nf3 a6 7. cxd5 Nxd5 8. Bd3 Bg4 9. Qb3 Bxf3 10. gxf3 Ndb4 11. Bc4 e6 12. Be3 b5 13. Be2 Be7 14. a3 Na5 15. Qd1 Nd5 16. O-O O-O 17. Kh1 Rc8 18. Ne4 Nc4 19. Bxc4 Rxc4 20. Rg1 Kh8 21. Qd3 1-0


[Site "https://www.chess.com"]

[Event "Titled Tuesday Blitz May 16 Late 2023"]
[White "Xavier_mompel"]
[Black "merinasian"]
[WhiteElo "2243"]
[BlackElo "2431"]
[Result "0-1"]
[Round "04"]
[TimeControl "180+2"]
[Date "2023.05.16"]
[WhiteClock "0:00:00"]
[BlackClock "0:00:45"]

1. e4 c6 2. Nf3 d5 3. Nc3 dxe4 4. Nxe4 Nf6 5. Nxf6+ exf6 6. d4 Bg4 7. c3 Bd6 8. Bd3 O-O 9. O-O Nd7 10. h3 Bh5 11. Be3 Re8 12. Bf5 Nb6 13. g4 Bg6 14. Bxg6 hxg6 15. Qd3 Nd5 16. Bd2 g5 17. Rfe1 Qc7 18. c4 Nf4 19. Bxf4 Bxf4 20. d5 c5 21. Rad1 Qd6 22. a3 g6 23. Kg2 Kg7 24. Nd2 Be5 25. Ne4 Qb6 26. b3 Bd4 27. Re2 Rh8 28. Qf3 a5 29. Rxd4 cxd4 30. c5 Qd8 31. d6 Re8 32. Rd2 Re5 33. Rxd4 f5 34. Ng3 Qd7 35. Rc4 Rae8 36. gxf5 gxf5 37. Qh5 f4 38. Nf1 Qc6+ 39. Kg1 g4 40. Qxg4+ Kh7 41. Qh4+ Kg6 42. Qg4+ Rg5 0-1


[Site "https://www.chess.com"]

[Event "Titled Tuesday Blitz May 16 Late 2023"]
[White "Pires, Marcos Vinicius Torsani"]
[Black "Talbi, Chafik"]
[WhiteFideId "2118939"]
[BlackFideId "7903715"]
[WhiteElo "2273"]
[BlackElo "2186"]
[Result "1-0"]
[Round "04"]
[TimeControl "180+2"]
[Date "2023.05.16"]
[WhiteClock "0:00:05"]
[BlackClock "0:00:00"]

1. d4 c6 2. Bf4 d6 3. e3 Nd7 4. Nf3 Qb6 5. Qc1 g6 6. Be2 Bg7 7. O-O c5 8. c3 Ngf6 9. h3 O-O 10. Nbd2 Nd5 11. Bh2 N7f6 12. e4 Nc7 13. e5 dxe5 14. Nc4 Qa6 15. dxe5 Nfd5 16. Re1 b5 17. Ne3 Qc6 18. a4 bxa4 19. Nc4 Bd7 20. Nfd2 Rab8 21. Bf3 Qb5 22. Rd1 Bc6 23. Be2 Rbd8 24. Bf1 Qb8 25. Na5 Bd7 26. Ndc4 Nb6 27. Be2 Ncd5 28. e6 Bxe6 29. Bxb8 Rxb8 30. Nc6 Rb7 31. Nxb6 axb6 32. Bf3 1-0


[Site "https://www.chess.com"]

[Event "Titled Tuesday Blitz May 16 Late 2023"]
[White "FuenfgegenWilly"]
[Black "Pappelis, Dimitrios"]
[BlackFideId "4215281"]
[WhiteElo "2358"]
[BlackElo "2104"]
[Result "1-0"]
[Round "04"]
[TimeControl "180+2"]
[Date "2023.05.16"]
[WhiteClock "0:00:24"]
[BlackClock "0:00:00"]

1. d4 d5 2. c4 e6 3. Nc3 c5 4. e3 Nf6 5. dxc5 Bxc5 6. cxd5 exd5 7. Nf3 Nc6 8. Bb5 Bg4 9. h3 Bh5 10. O-O O-O 11. Be2 Re8 12. b3 Rc8 13. Bb2 a6 14. Rc1 Ba7 15. Nd4 Bxe2 16. Ncxe2 Bb8 17. Qd3 Qd6 18. Ng3 Ne4 19. Ndf5 Qg6 20. Qxd5 Nxg3 21. fxg3 Rcd8 22. Qf3 Be5 23. Bxe5 Rxe5 24. g4 Rde8 25. Rcd1 Qg5 26. Rd7 Ne7 27. Nxe7+ R5xe7 28. Qxb7 Qxe3+ 29. Kh1 h6 30. Rxe7 Rxe7 31. Qxa6 Qd2 32. a4 Re2 33. a5 g6 34. Qa8+ 1-0


[Site "https://www.chess.com"]

[Event "Titled Tuesday Blitz May 16 Late 2023"]
[White "Fuentes Godoy, Lilia Ivonne"]
[Black "Marcziter, Dmitrii"]
[WhiteFideId "5104130"]
[BlackFideId "13900765"]
[WhiteElo "2096"]
[BlackElo "2162"]
[Result "0-1"]
[Round "04"]
[TimeControl "180+2"]
[Date "2023.05.16"]
[WhiteClock "0:00:00"]
[BlackClock "0:01:10"]

1. d4 Nf6 2. c4 g6 3. d5 Bg7 4. Nc3 O-O 5. e4 d6 6. Bd3 c5 7. h3 e6 8. Nf3 Re8 9. O-O a6 10. a4 exd5 11. exd5 Nbd7 12. Bf4 Ne5 13. Be2 Nfd7 14. Re1 f5 15. Qd2 Rb8 16. a5 b6 17. axb6 Rxb6 18. Na4 Rb4 19. Rec1 Qf6 20. Bg5 Qf8 21. Nxe5 Nxe5 22. Ra3 h6 23. Bf4 g5 24. Bxe5 Bxe5 25. Nc3 Bf4 26. Qc2 Bxc1 27. Qxc1 Qe7 28. Kf1 Qe5 29. Qd2 Rf8 30. Nd1 f4 31. Bg4 Bxg4 32. hxg4 Rxc4 33. Rxa6 Rd4 34. Qc2 Qf6 35. Ra7 Rf7 36. Ra8+ Kg7 37. Nc3 Re7 38. f3 Re3 39. Ne4 Qe5 40. Ra7+ Kf8 41. Ra8+ Ke7 42. Ra7+ Kd8 43. Ra8+ Kc7 44. b4 Qxd5 45. Ra7+ Kb8 0-1


[Site "https://www.chess.com"]

[Event "Titled Tuesday Blitz May 16 Late 2023"]
[White "Calhoun, Luke"]
[Black "Slavin, Alexey"]
[WhiteFideId "2064421"]
[BlackFideId "24104388"]
[WhiteElo "2253"]
[BlackElo "2264"]
[Result "1-0"]
[Round "04"]
[TimeControl "180+2"]
[Date "2023.05.16"]
[WhiteClock "0:00:15"]
[BlackClock "0:00:00"]

1. d4 Nc6 2. Nf3 d6 3. Bf4 Bg4 4. d5 Bxf3 5. exf3 Nb8 6. Nc3 g6 7. Bb5+ Nd7 8. O-O Nf6 9. Re1 a6 10. Ba4 b5 11. Bb3 Nb6 12. a3 Bg7 13. Qe2 Nc8 14. a4 b4 15. Na2 a5 16. Qb5+ Qd7 17. Qb7 Ra7 18. Qb8 O-O 19. Rad1 Ra6 20. Be3 c5 21. dxc6 Qxc6 22. Qb5 e6 23. Bc4 Qxb5 24. axb5 Ra8 25. c3 d5 26. Bf1 b3 27. Nc1 a4 28. Bc5 Rd8 29. Nd3 Nd7 30. Ba3 Rb8 31. Nb4 Na7 32. Nc6 Nxc6 33. bxc6 Bf8 34. Bxf8 Kxf8 35. c7 Nc5 36. cxd8=Q+ Rxd8 37. c4 d4 38. f4 f6 39. g3 Ke7 40. Bg2 h5 41. Bc6 Rd6 42. Bb5 Kd8 43. Ra1 d3 44. Bxa4 d2 45. Red1 Kc7 46. Bb5 e5 47. fxe5 fxe5 48. Kf1 e4 49. Ke2 Kb6 50. Rxd2 Nd3 51. Ra3 Kc5 52. Rxb3 Rf6 53. Rbxd3 exd3+ 54. Rxd3 Re6+ 55. Re3 Rd6 56. f4 Kb4 57. Re5 Rd4 58. Rg5 Rd6 59. Be8 Re6+ 60. Kf3 Rxe8 61. Rxg6 Kxc4 62. Rg5 h4 63. g4 Rb8 64. Rh5 Rb3+ 65. Ke4 Rxb2 66. Rxh4 Re2+ 67. Kf5 Kd5 68. Rh8 Rf2 69. Rd8+ Kc6 70. h4 Kc7 71. Rd1 Rg2 72. h5 Rh2 73. Kg5 Kc6 74. f5 1-0


[Site "https://www.chess.com"]

[Event "Titled Tuesday Blitz May 16 Late 2023"]
[White "Bryant, Todd"]
[Black "Winkels, Marcel"]
[WhiteFideId "2031299"]
[BlackFideId "1003887"]
[WhiteElo "2356"]
[BlackElo "1900"]
[Result "1-0"]
[Round "04"]
[TimeControl "180+2"]
[Date "2023.05.16"]
[WhiteClock "0:00:22"]
[BlackClock "0:00:00"]

1. e4 Nf6 2. e5 Nd5 3. d4 d6 4. c4 Nb6 5. f4 g6 6. Nf3 Bg7 7. Nc3 O-O 8. h4 h5 9. Ng5 dxe5 10. fxe5 c5 11. e6 Bxe6 12. Nxe6 fxe6 13. d5 exd5 14. Nxd5 Nxd5 15. cxd5 Qd6 16. Qd3 Nd7 17. Bd2 Bxb2 18. Rb1 Bd4 19. Rxb7 Qxd5 20. Qxg6+ Bg7 21. Rxd7 Qxa2 22. Rxe7 Qa1+ 23. Ke2 Rad8 24. Qxg7+ Qxg7 25. Rxg7+ Kxg7 26. Bc3+ Kh7 27. Ke3 Rde8+ 28. Kd2 Rd8+ 29. Bd3+ Kh6 30. Ke2 Rfe8+ 31. Kd2 1-0


[Site "https://www.chess.com"]